 Dungeon Crawl Stone Soup version 0.30.1-9-gdf580d7c3d (webtiles) character file.

Game seed: 11633723325983345501

5937 fireball365 the Cleaver (level 10, -10/90 HPs)
             Began as a Hill Orc Fighter on Oct 14, 2023.
             Was an Initiate of Gozag.
             Mangled by a white ugly thing (24 damage)
             ... on level 8 of the Dungeon.
             The game lasted 00:17:19 (6818 turns).

fireball365 the Cleaver (Hill Orc Fighter)          Turns: 6818, Time: 00:17:20

Health: -10/90     AC: 13    Str: 30    XL:     10   Next: 83%
Magic:  10/10      EV: 11    Int:  3    God:    Gozag
Gold:   1364       SH:  0    Dex: 10    Spells: 9/9 levels left

rFire   + . .        B - +3 executioner's axe (drain)
rCold   . . .        (shield currently unavailable)
rNeg    . . .        b - +0 scale mail
rPois   .            (no helmet)
rElec   .            I - +2 cloak
rCorr   .            (no gloves)
SInv    +            e - +1 pair of boots
Will    ++...        F - amulet of reflection Stlth
                     m - ring "Zavo Jae" {rF+ Will++ Int-5 SInv}
HPRegen 0.35/turn    h - +6 ring of strength
MPRegen 0.12/turn

%: reflection
@: confused, mighty, about to teleport, ambrosia-drunk
A: no striking features
a: Renounce Religion, Potion Petition, Call Merchant, Bribe Branch


You were on level 8 of the Dungeon.
You worshipped Gozag.
Gozag was most pleased with you.
You visited 2 branches of the dungeon, and saw 9 of its levels.

You collected 1466 gold pieces.
You paid 102 gold pieces to Gozag.

Inventory:

Hand Weapons
 a - a +0 war axe
 B - a +3 executioner's axe of draining (weapon)
 H - a +1 battleaxe of freezing
 J - a +1 vampiric broad axe
Missiles
 j - 2 throwing nets (quivered)
 o - 13 javelins
 y - 7 curare-tipped darts
Armour
 b - a +0 scale mail (worn)
 c - a +0 buckler
 e - a +1 pair of boots (worn)
 q - a +0 tower shield
 I - a +2 cloak (worn)
Jewellery
 h - a +6 ring of strength (right hand)
 m - the ring "Zavo Jae" (left hand) {rF+ Will++ Int-5 SInv}
   (You took it off a kobold on level 2 of the Dungeon)

   [ring of protection from fire]

   Int:       It affects your intelligence (-5).
   rF:        It protects you from fire.
   SInv:      It lets you see invisible.
   Will:      It greatly increases your willpower.
 z - an amulet of faith
 E - a +6 ring of strength
 F - an amulet of reflection (around neck)
Wands
 x - a wand of polymorph (8)
 G - a wand of charming (11)
Scrolls
 f - 2 scrolls of enchant armour
 g - a scroll of teleportation
 l - a scroll of fear
 r - a scroll of immolation {unknown}
 s - a scroll of poison
 u - 2 scrolls of magic mapping
 v - 2 scrolls of silence
 A - 2 scrolls of identify
 C - a scroll of enchant weapon
 D - 2 scrolls of torment
Potions
 d - 3 potions of might
 i - a potion of mutation {unknown}
 k - a potion of ambrosia
 p - a potion of degeneration {unknown}
 t - 5 potions of curing {unknown}
 w - a potion of cancellation {unknown}
Miscellaneous
 K - a box of beasts


   Skills:
 + Level 8.9 Fighting
 + Level 14.8 Axes
 + Level 7.5 Armour
 + Level 3.4 Dodging
 + Level 1.4 Stealth
 + Level 5.4 Shields


You had 9 spell levels left.
You didn't know any spells.
Your spell library contained the following spells:

 Spells                   Type           Power      Damage    Failure   Level
 Blink                    Tloc           0%         N/A       87%         2
 Ensorcelled Hibernation  Hex/Ice        0%         N/A       87%         2
 Passwall                 Tmut/Erth      0%         N/A       87%         2
 Static Discharge         Conj/Air       0%         2-2/arc   87%         2
 Gell's Gravitas          Tloc           0%         N/A       98%         3
 Swiftness                Air            0%         N/A       98%         3
 Teleport Other           Tloc           0%         N/A       98%         3
 Airstrike                Air            0%         2d(0-16)  100%        4
 Manifold Assault         Tloc           0%         N/A       100%        4
 Olgreb's Toxic Radiance  Pois           0%         N/A       100%        4
 Summon Ice Beast         Ice/Summ       0%         N/A       100%        4
 Summon Lightning Spire   Summ/Air       0%         N/A       100%        4
 Summon Mana Viper        Hex/Summ       0%         N/A       100%        5
 Dispersal                Tloc           0%         N/A       100%        6
 Monstrous Menagerie      Summ           0%         N/A       100%        7
 Storm Form               Tmut/Air       0%         N/A       100%        7
 Discord                  Hex            0%         N/A       100%        8
 Ignition                 Fire           0%         3d3       100%        8


Dungeon Overview and Level Annotations

Branches:
Dungeon (8/15)             Temple (1/1) D:4
   Lair: D:8-11

Altars:
Ashenzari
Elyvilon
Gozag
Hepliaklqana
Kikubaaqudgha
Makhleb
Nemelex Xobeh
Okawaru
Qazlal
Ru
Sif Muna
Uskayaw
Wu Jian
Xom
Yredelemnul
Zin
The Shining One

Annotations:
D:8 2 runed translucent doors


Message History

You see here a +0 short sword.
You see here a box of beasts.
K - a box of beasts
As you read the scroll labelled BUAKOIQOLEU, it crumbles to dust.
The scroll dissolves into smoke.
It was a scroll of fog.
You see here a +0 short sword.
You see here a +0 whip.
There is an open door here.
The four-headed hydra roars!
You feel very mighty all of a sudden.
You open the large door.
You chop one of the four-headed hydra's heads off!
The three-headed hydra grows two more!
You slice the five-headed hydra!! You drain the five-headed hydra.
The five-headed hydra is heavily wounded.
You slash the white ugly thing! You drain the white ugly thing.
The five-headed hydra bites you.
The five-headed hydra bites you but does no damage.
You block the five-headed hydra's attack.
The five-headed hydra closely misses you.
The five-headed hydra misses you. The white ugly thing pecks you!
The white ugly thing freezes you!! The five-headed hydra bites you. x2
The five-headed hydra bites you but does no damage.
You block the five-headed hydra's attack.
The five-headed hydra bites you.
As you read the scroll of teleportation, it crumbles to dust.
You feel strangely unstable. The white ugly thing barely misses you.
The five-headed hydra bites you!
* * * LOW HITPOINT WARNING * * *
The five-headed hydra bites you but does no damage. x2
The five-headed hydra bites you!
* * * LOW HITPOINT WARNING * * *
The five-headed hydra bites you!
* * * LOW HITPOINT WARNING * * *
You are confused.
You feel invigorated. The white ugly thing pecks you.
* * * LOW HITPOINT WARNING * * *
The white ugly thing freezes you!!
You die...
Your body crumbles into a pile of gold.

###..##
#..<.#......#)####.....
.....######...........#)#
##.#..
>.....................))#
####.
####..###.#.....8.8.8.###
#.. ##.................#
#.. ####..######..####...##
#.. ..##.##....##.######.>#
##.
#....#.####.#......##.#####
##
##.#.#...#.##...@.........#
#
#...#.#.##('.##Du##......#
#.#.#.##.#####8..8##.#.###
#...##.#.)# #8....8#.#.#
#.#..###### #!....}#.#.#
#.#..###### #)....$#.#.#
#.#.##§§§§# #8....8#...#
#.#.#§§#######8..8##.#.#
#.#.#§##.#.'.##++##..#.#


You could see a five-headed hydra (drained) and a white ugly thing (drained).

Vanquished Creatures
  A cyclops (D:8)
  Psyche (D:8)
  A hornet (D:8)
  A wraith (D:8)
  12 yaks (D:8)
  A steam dragon (D:8)
  A water moccasin (D:8)
  A sky beast (D:6)
  An orc warrior (D:8)
  2 black bears
  3 ice beasts
  An ogre (D:7)
  A centaur (D:7)
  5 phantoms
  4 kobold brigands
  2 bullfrogs
  A gnoll sergeant (D:8)
  3 scorpions
  4 wights
  4 howler monkeys
  A centaur zombie (D:4)
  A bullfrog skeleton (D:4)
  Crazy Yiuf (D:7)
  2 hounds
  2 jellies
  An iguana (D:7)
  3 scorpion zombies (D:4)
  2 sleepcaps
  2 orc wizards
  A hound zombie (D:4)
  A hound skeleton (D:4)
  2 howler monkey zombies (D:4)
  5 gnolls (D:8)
  10 adders
  3 shadow imps (D:8)
  2 white imps
  An ufetubus (D:8)
  3 adder zombies (D:4)
  3 adder skeletons (D:4)
  3 worms
  A dart slug (D:1)
  16 orcs
  9 endoplasms
  4 giant cockroaches
  12 hobgoblins
  10 jackals
  3 quokkas
  10 ball pythons
  3 bats
  3 frilled lizards
  7 goblins
  23 kobolds
  6 rats
206 creatures vanquished.

Vanquished Creatures (others)
  A white imp (D:8)
1 creature vanquished.

Grand Total: 207 creatures vanquished

Notes
Turn   | Place    | Note
-------+----------+-------------------------------------------
     0 | D:1      | fireball365 the Hill Orc Fighter began the quest for the
                  | Orb.
     0 | D:1      | Reached XP level 1. HP: 19/19 MP: 1/1
   107 | D:1      | Reached skill level 3 in Axes
   107 | D:1      | Reached XP level 2. HP: 27/27 MP: 2/2
   321 | D:1      | Reached XP level 3. HP: 33/33 MP: 3/3
  1019 | D:2      | Reached XP level 4. HP: 35/40 MP: 4/4
  1075 | D:2      | Reached skill level 4 in Axes
  1428 | D:2      | Identified the ring "Zavo Jae" {rF+ Will++ Int-5 SInv}
  1775 | D:3      | Reached XP level 5. HP: 47/47 MP: 5/5
  2243 | D:3      | Reached skill level 5 in Axes
  2326 | D:4      | Noticed a phantom
  2341 | D:4      | Killed a phantom
  2342 | D:4      | Reached skill level 1 in Dodging
  2342 | D:4      | Reached XP level 6. HP: 44/53 MP: 6/6
  2501 | D:4      | Found a shimmering altar of Xom.
  2509 | D:4      | Found a shimmering altar of Xom.
  2509 | D:4      | Found a shimmering altar of Xom.
  2510 | D:4      | Found a shimmering altar of Xom.
  2513 | D:4      | Found a shimmering altar of Xom.
  2513 | D:4      | Found a shimmering altar of Xom.
  2514 | D:4      | Found a shimmering altar of Xom.
  2550 | D:4      | Found a staircase to the Ecumenical Temple.
  2619 | D:4      | Found a shimmering blue altar of Sif Muna.
  2730 | Temple   | Entered the Ecumenical Temple
  2777 | Temple   | Became a worshipper of Gozag Ym Sagoz the Greedy
  2911 | D:4      | Reached skill level 5 in Fighting
  2911 | D:4      | Reached skill level 6 in Axes
  2960 | D:4      | Reached XP level 7. HP: 60/61 MP: 7/7
  3453 | D:5      | Entered Level 5 of the Dungeon
  3483 | D:5      | Reached skill level 7 in Axes
  3605 | D:5      | Found an iron altar of Okawaru.
  3697 | D:5      | Reached skill level 5 in Armour
  3788 | D:5      | Reached XP level 8. HP: 70/70 MP: 8/8
  3882 | D:5      | Reached skill level 1 in Stealth
  3929 | D:5      | Reached skill level 8 in Axes
  4316 | D:5      | Identified a scroll of acquirement
  4316 | D:5      | Acquired a +2 executioner's axe of draining
  4424 | D:6      | Reached skill level 5 in Shields
  4430 | D:6      | Reached skill level 9 in Axes
  4589 | D:6      | Found a glowing golden altar of the Shining One.
  5065 | D:7      | Reached skill level 10 in Axes
  5065 | D:7      | Reached XP level 9. HP: 76/78 MP: 9/9
  5240 | D:7      | Reached skill level 11 in Axes
  5539 | D:7      | Found an ancient bone altar of Kikubaaqudgha.
  5579 | D:7      | Found a runed translucent door.
  5580 | D:7      | Noticed Crazy Yiuf
  5760 | D:7      | Killed Crazy Yiuf
  5907 | D:8      | Reached skill level 12 in Axes
  5914 | D:8      | Reached XP level 10. HP: 64/88 MP: 10/10
  5920 | D:8      | Reached skill level 13 in Axes
  5992 | D:8      | Found a hide-covered altar of Uskayaw.
  6087 | D:8      | Found a large runed translucent door.
  6147 | D:8      | Found an ornate altar of the Wu Jian Council.
  6248 | D:8      | Noticed Psyche
  6254 | D:8      | Killed Psyche
  6255 | D:8      | Reached skill level 14 in Axes
  6313 | D:8      | Found a white marble altar of Elyvilon.
  6415 | D:8      | Found a large runed translucent door.
  6430 | D:8      | Noticed a four-headed hydra
  6430 | D:8      | Noticed a white ugly thing
  6449 | D:8      | Noticed a cyclops
  6457 | D:8      | Killed a cyclops
  6526 | D:8      | Found a large runed translucent door.
  6526 | D:8      | Found a large runed translucent door.
  6818 | D:8      | Mangled by a white ugly thing

Illustrated notes

Levels and vault maps discovered:
D:1:      heliophobic_arrival_glass_houses, layout_basic,
          hangedman_abyss_or_decor_stabs, minmay_box_of_dots
D:2:      layout_basic
D:3:      layout_basic
D:4:      layout_basic, led_sif_pool, nicolae_xom_altar_mimics,
          minmay_temple_entry_poolview, serial_undead, serial_undead_a,
          serial_undead_f, serial_undead_e, serial_undead_d, serial_undead_d,
          serial_undead_f, grunt_ministairs_6, minmay_pentomino_pile
D:5:      layout_loops_ring, hellmonk_okawaru_the_only_friend_you_need
D:6:      layout_basic, mainiacjoe_overflow_paths
D:7:      layout_basic, nicolae_kikubaaqudgha_miasma_corner,
          kennysheep_nondescript, minivault_19, uniq_crazy_yiuf_cottage
D:8:      layout_rooms, mainiacjoe_overflow_alcove_4, amcnicky_altar_gilded,
          eat_drink_and_be_merry_uskayaw, serial_demonic, serial_demonic_g,
          serial_demonic_e, serial_demonic_a, serial_demonic_g,
          reono_crystal_passage, minmay_hollow_rounded_squares, uniq_psyche
Temple:   jpeg_temple_island

Skill      XL: |  1  2  3  4  5  6  7  8  9 10 |
---------------+-------------------------------+-----
Axes           | 3 4 5 6 7 10 12 14 | 14.8
Fighting       | 4 5 6 7 8 |  8.9
Armour         | 4 5 6 7 |  7.5
Dodging        | 1 2 3 |  3.4
Shields        | 4 5 |  5.4
Stealth        | 1 |  1.4

Action                     |  1- 3 |  4- 6 |  7- 9 | 10-12 || total
---------------------------+-------+-------+-------+-------++-------
  Melee: War axe           |    89 |   161 |    78 |       ||   328
         Executioner's axe |       |       |   125 |    99 ||   224
    Use: Scroll            |       |     4 |     8 |     2 ||    14
         Potion            |       |       |     1 |     2 ||     3
   Stab: Distracted        |       |     1 |     1 |     1 ||     3
 Armour: Scale mail        |    67 |   114 |    84 |    46 ||   311
  Dodge: Dodged            |    53 |    91 |   111 |    41 ||   296
  Block: Buckler           |    28 |    16 |       |       ||    44
         Tower shield      |       |   101 |    49 |       ||   150
         Other             |       |       |     3 |    18 ||    21
